 Dungeon Crawl Stone Soup version 0.29-a0-757-g358383bc75 (webtiles) character file.

Game seed: 5798746625592238266

680 kae the Conjurer (level 7, -19/36 HPs)
             Began as a Tengu Fire Elementalist on June 30, 2022.
             Was an Initiate of Vehumet.
             Engulfed by a cloud of flame (25 damage)
             ... on level 4 of the Dungeon.
             The game lasted 00:02:46 (4654 turns).

kae the Conjurer (Tengu Fire Elementalist)          Turns: 4654, Time: 00:02:46

Health: -19/36     AC:  2    Str:  8    XL:     7   Next: 60%
Magic:  3/13       EV: 14    Int: 17    God:    Vehumet [......]
Gold:   147        SH:  0    Dex: 15    Spells: 4/13 levels left

rFire   . . .      SeeInvis +   D - +2 war axe (freeze)
rCold   . . .      Faith    .   (no shield)
rNeg    . . .      Spirit   .   a - +0 robe
rPois   .          Reflect  .   (helmet restricted)
rElec   .          Harm     .   (no cloak)
rCorr   .          Rampage  .   (no gloves)
Will    .....                   (boots unavailable)
Stlth   ++........              (no amulet)
HPRegen 0.12/turn               v - ring of see invisible
MPRegen 0.13/turn               Z - ring of wizardry

@: flying quickly and evasively, quick
A: beak, talons 3, nimble flight
a: Renounce Religion


You were on level 4 of the Dungeon.
You worshipped Vehumet.
Vehumet was noncommittal.
You visited 2 branches of the dungeon, and saw 5 of its levels.

You collected 147 gold pieces.


Innate Abilities, Weirdness & Mutations

You have a beak for a mouth.
You have claws for feet.
Your magical nature lets you fly swiftly and evasively.


   Skills:
 - Level 2.1 Dodging
 - Level 2.0 Stealth
 + Level 3.7 Spellcasting
 * Level 6.7 Conjurations
 * Level 6.5 Fire Magic


You had 4 spell levels left.
You knew the following spells:

 Your Spells              Type           Power      Damage    Failure   Level
a - Foxfire               Conj/Fire      100%       2x1d9     1%          1
b - Scorch                Fire           50%        2d7       1%          2
c - Conjure Flame         Conj/Fire      25%        6-21      1%          3
d - Inner Flame           Hex/Fire       14%        N/A       5%          3

Your spell library contained the following spells:

 Spells                   Type           Power      Damage    Failure   Level
 Flame Wave               Conj/Fire      25%        2d7       4%          4
 Sticky Flame             Conj/Fire      25%        2d5       4%          4
 Apportation              Tloc           6%         N/A       6%          1
 Necrotize                Necr           12%        1d4       6%          1
 Summon Small Mammal      Summ           12%        N/A       6%          1
 Ignite Poison            Fire/Tmut/Pois 10%        N/A       9%          3
 Frozen Ramparts          Ice            6%         1d2       19%         3
 Ice Form                 Ice/Tmut       3%         N/A       52%         4
 Summon Ice Beast         Ice/Summ       3%         N/A       52%         4

Inventory:

Hand Weapons
 D - a +2 war axe of freezing (weapon)
   (You took it off an orc on level 4 of the Dungeon)
Missiles
 c - 11 poisoned darts
 e - 30 stones
 z - 3 boomerangs
Armour
 a - a +0 robe (worn)
 g - a +0 ring mail
   (You found it on level 1 of the Dungeon)
 j - a +0 chain mail
   (You found it on level 1 of the Dungeon)
 l - a +0 leather armour
   (You found it on level 2 of the Dungeon)
 q - a +0 scale mail
   (You found it on level 2 of the Dungeon)
 s - a +0 leather armour
   (You found it on level 2 of the Dungeon)
 t - a +0 robe
   (You took it off a kobold on level 2 of the Dungeon)
 w - a +0 robe
   (You took it off an orc wizard on level 3 of the Dungeon)
 x - a +0 leather armour
   (You took it off an orc on level 3 of the Dungeon)
 B - a +0 leather armour
   (You took it off an orc on level 4 of the Dungeon)
 E - a +0 leather armour
   (You took it off an orc on level 4 of the Dungeon)
Jewellery
 v - a ring of see invisible (left hand)
   (You found it on level 1 of the Dungeon)
 C - a ring of protection from cold
   (You found it on level 1 of the Dungeon)
 S - a +6 ring of strength
   (You found it on level 1 of the Dungeon)
 Z - a ring of wizardry (right hand)
   (You found it on level 1 of the Dungeon)
Scrolls
 d - a scroll of enchant weapon {unknown}
 f - 6 scrolls of identify {unknown}
 h - a scroll of acquirement {unknown}
 k - a scroll of poison {unknown}
 o - 2 scrolls of immolation {unknown}
 r - a scroll of teleportation {@r4}
 u - a scroll of blinking {unknown}
 y - 2 scrolls of noise {unknown}
 A - a scroll of amnesia {unknown}
Potions
 b - 2 potions of magic
 i - a potion of brilliance {unknown}
 m - 2 potions of degeneration {unknown}
 n - a potion of curing {unknown}
 p - a potion of lignification {unknown}
 F - a potion of heal wounds {unknown}

Dungeon Overview and Level Annotations

Branches:
Dungeon (4/15) Zot: 19671  Temple (1/1) D:4 Zot: 5815

Altars:
Cheibriados
Dithmenos
Fedhas
Hepliaklqana
Kikubaaqudgha
Makhleb
Nemelex Xobeh
Okawaru
Qazlal
Sif Muna
Vehumet
Wu Jian
Xom
Zin
The Shining One

## ##>#.##..##..#.##.#......####.
######..##.##.###.#...#.###.#O..#
##.......#..#.#...##.##.###......
...###....##...###..##...........
#####.#.....###.#.)#....###......
.###.##.......#.#.##...####.#...#
#...###..#....#..##.........##.##
##### #..............#########.#
#......##.@.##.# #.#
####...####)##. #.#
###.....ยงยง.. .# #.####..... #.#
....... #.# ......< #.# .......
#.# ....... #.#


There were no monsters in sight!


Message History

The foxfire hits the orc.
Casting: Foxfire (safe; 1% risk of failure)
Confirm with . or Enter, or press ? or * to list all spells.
Flames lash the orc.
You kill the orc!
Vehumet accepts your kill. ๐Ÿ˜Ž MP[-1]
You lost 1 mp, and now have 10/13 mp.
Casting: Scorch (safe; 1% risk of failure)
Confirm with . or Enter, or press ? or * to list all spells.
You can't see any susceptible monsters within range! (Use Z to cast anyway.)
You now have 147 gold pieces (gained 20).
You see here a +0 spear. ๐Ÿ˜Ž MP[+1]
E - a +0 leather armour You see here a +0 falchion.
Key pressed, stopping explore.
Found a stone staircase leading down. ๐Ÿ˜Ž MP[+2]
Your mp is fully restored (13).
z - 3 boomerangs (gained 2)
There is a stone staircase leading down here.
There is a stone staircase leading down here.
F - a dark potion
There is a stone staircase leading down here.
A scorpion is nearby!
A scorpion is nearby!
Casting: Scorch (safe; 1% risk of failure)
Confirm with . or Enter, or press ? or * to list all spells.
Flames lash the scorpion.
The scorpion's fire resistance burns away. ๐Ÿ˜Ž MP[-2]
You lost 2 mp, and now have 11/13 mp.
Casting: Scorch (safe; 1% risk of failure)
Confirm with . or Enter, or press ? or * to list all spells.
Flames lash the scorpion.
The scorpion is burned terribly!
You kill the scorpion!
Vehumet accepts your kill. ๐Ÿ˜Ž MP[-2]
You lost 2 mp, and now have 9/13 mp.
Casting: Scorch (safe; 1% risk of failure)
Confirm with . or Enter, or press ? or * to list all spells.
You can't see any susceptible monsters within range! (Use Z to cast anyway.) Edmund the Younger comes into view.
He is wielding a +2 flail of protection.
Found a stone staircase leading up. ๐Ÿ˜Ž MP[+2]
You regained 2 mp, and now have 11/13 mp.
You aren't carrying any items that you can evoke.
Unknown command.
Casting: Scorch (safe; 1% risk of failure)
Confirm with . or Enter, or press ? or * to list all spells.
Aiming: Inner Flame (dangerous; 6% risk of failure)
Press: ? - help, Dir - move target, f - Edmund
Aim: Edmund, wielding a +2 flail of protection and wearing a +0 ring mail (asleep, chance to affect: 66%) Edmund shouts!
Edmund is filled with an inner flame. ๐Ÿ˜Ž MP[-2]
You lost 2 mp, and now have 9/13 mp.
Casting: Inner Flame (dangerous; 6% risk of failure)
Confirm with . or Enter, or press ? or * to list all spells.
You conjure some foxfire!
The foxfire hits Edmund.
Flame seeps out of Edmund. ๐Ÿ˜Ž MP[-1]
You lost 1 mp, and now have 8/13 mp.
Casting: Foxfire (safe; 1% risk of failure)
Confirm with . or Enter, or press ? or * to list all spells.
You conjure some foxfire!
The foxfire hits Edmund but does no damage. ๐Ÿ˜Ž MP[-1]
You lost 1 mp, and now have 7/13 mp.
Casting: Foxfire (safe; 1% risk of failure)
Confirm with . or Enter, or press ? or * to list all spells.
You conjure some foxfire!
The foxfire hits Edmund.
Flame seeps out of Edmund.
The foxfire hits Edmund but does no damage. x2
Edmund is engulfed in blazing flames.
Flame seeps out of Edmund. ๐Ÿ˜Ž MP[-1]
You lost 1 mp, and now have 6/13 mp.
Casting: Foxfire (safe; 1% risk of failure)
Confirm with . or Enter, or press ? or * to list all spells.
Flames lash Edmund.
Flame seeps out of Edmund.
Edmund's fire resistance burns away.
Edmund is engulfed in blazing flames.
Flame seeps out of Edmund.
Edmund hits you with a +2 flail of protection!
Edmund is engulfed in blazing flames.
Flame seeps out of Edmund.
Edmund misses you. ๐Ÿ˜ฎ HP[-9] MP[-1]
You take 9 damage, and now have 27/36 hp.
MASSIVE DAMAGE!! (PAUSE)
You lost 1 mp, and now have 5/13 mp.
Casting: Scorch (safe; 1% risk of failure)
Confirm with . or Enter, or press ? or * to list all spells.
Flames lash Edmund but do no damage.
Edmund is engulfed in blazing flames.
Vehumet accepts your kill. The fiery explosion engulfs you!!
Ouch! That really hurt!
* * * LOW HITPOINT WARNING * * *
You are engulfed in blazing flames.
Ouch! That really hurt!
You die...

Skill      XL: |  1  2  3  4  5  6 |
---------------+-------------------+-----
Conjurations   | 2 3 5 6 |  6.7
Fire Magic     | 4 5 6 |  6.5
Spellcasting   | 3 |  3.7
Dodging        | |  2.1
Stealth        | |  2.0

Action                   |  1- 3 |  4- 6 |  7- 9 || total
-------------------------+-------+-------+-------++-------
Melee: Unarmed           |     3 |     6 |       ||     9
       Kick              |     1 |     2 |       ||     3
       Peck              |       |     3 |       ||     3
 Cast: Foxfire           |    64 |    72 |     8 ||   144
       Scorch            |     2 |    26 |     5 ||    33
       Conjure Flame     |       |     3 |       ||     3
       Inner Flame       |       |       |     1 ||     1
  Use: Scroll            |       |     1 |       ||     1
Armor: Robe              |     5 |     4 |       ||     9
Dodge: Dodged            |    20 |    27 |     1 ||    48

Levels and vault maps discovered:
D:1:      dpeg_arrival_stone_temple_mockup, layout_loops_ring
D:2:      layout_basic, ebering_ecumenical_altar_petrified, st_stairs_11
D:3:      layout_basic, solitary_fountain
D:4:      layout_loops_cross, temple_statues, minivault_24,
          minmay_pentomino_pile, uniq_edmund
Temple:   bh_familiar_temple

Notes
Turn   | Place    | Note
-------+----------+-------------------------------------------
     0 | D:1      | kae the Tengu Fire Elementalist began the quest for the
                  | Orb.
     0 | D:1      | Reached XP level 1. HP: 10/10 MP: 4/4
     0 | D:1      | magus.rc [v1.11.3]
   357 | D:1      | Reached skill level 2 in Conjurations
   357 | D:1      | Reached XP level 2. HP: 13/15 MP: 1/6
   360 | D:1      | Learned a level 2 spell: Scorch
   739 | D:1      | Reached XP level 3. HP: 19/19 MP: 4/7
   743 | D:1      | Learned a level 3 spell: Conjure Flame
   990 | D:2      | You pick up a book of Cantrips and begin reading...
   990 | D:2      | You add the spells Necrotize, Summon Small Mammal and
                  | Apportation to your library.
  1008 | D:2      | Reached skill level 4 in Fire Magic
  1026 | D:2      | Reached skill level 3 in Conjurations
  1374 | D:2      | Reached XP level 4. HP: 24/24 MP: 3/8
  1435 | D:2      | Found a faded altar of an unknown god.
  1981 | D:3      | You pick up a book of Rime and begin reading...
  1981 | D:3      | You add the spells Frozen Ramparts, Ice Form and Summon Ice
                  | Beast to your library.
  2414 | D:3      | Gained mutation: Your magical nature lets you fly swiftly
                  | and evasively. [Tengu growth]
  2414 | D:3      | Reached XP level 5. HP: 28/28 MP: 6/10
  2437 | D:3      | Reached skill level 4 in Conjurations
  3488 | D:4      | You add the spells Ignite Poison and Sticky Flame to your
                  | library.
  3653 | D:4      | Noticed an ogre
  3674 | D:4      | Killed an ogre
  3675 | D:4      | Reached skill level 3 in Spellcasting
  3675 | D:4      | Reached skill level 5 in Conjurations
  3675 | D:4      | Reached skill level 5 in Fire Magic
  3675 | D:4      | Reached XP level 6. HP: 32/32 MP: 1/11
  4125 | D:4      | Reached skill level 6 in Conjurations
  4125 | D:4      | Reached skill level 6 in Fire Magic
  4125 | D:4      | Reached XP level 7. HP: 36/36 MP: 4/13
  4261 | D:4      | Learned a level 3 spell: Inner Flame
  4261 | D:4      | Found a staircase to the Ecumenical Temple.
  4273 | Temple   | Entered the Ecumenical Temple
  4456 | Temple   | Became a worshipper of Vehumet
  4643 | D:4      | Noticed Edmund
  4653 | D:4      | Killed Edmund
  4653 | D:4      | HP: 6/36 [spore (21)]
  4654 | D:4      | Engulfed by a cloud of flame

Vanquished Creatures
  Edmund (D:4)
  2 ogres (D:4)
  A phantom (D:4)
  A necrophage (D:4)
  A scorpion (D:4)
  A jelly (D:4)
  An orc wizard (D:3)
  5 adders
  2 worms (D:2)
  A dart slug (D:1)
  11 orcs
  6 ball pythons
  7 endoplasms
  5 giant cockroaches
  4 goblins
  6 hobgoblins
  A jackal (D:4)
  8 kobolds
  5 quokkas
  8 bats
  3 frilled lizards
  4 rats
84 creatures vanquished.

Vanquished Creatures (others)
  221 foxfires
  2 withered plants (D:2)
223 creatures vanquished.

Grand Total: 307 creatures vanquished

Table legend:
 A = Non-vault XP
 B = Vault XP
 C = Vault XP percentage of total XP
 D = Non-vault monster count
 E = Vault monster count
 F = Vault count percentage of total count
                 A         B        C        D         E       F
            +---------+---------+-------+---------+---------+-------
      Total |     455 |     517 |  53.2 |      73 |      11 |  13.1
            +---------+---------+-------+---------+---------+-------
        D:1 |      36 |       2 |   5.3 |      20 |       1 |   4.8
        D:2 |      79 |       3 |   3.7 |      24 |       3 |  11.1
        D:3 |      77 |       0 |   0.0 |      20 |       0 |   0.0
        D:4 |     263 |     512 |  66.1 |       9 |       7 |  43.8
            +---------+---------+-------+---------+---------+-------

Illustrated notes

Table legend:
 A = Kills in this place as a percentage of kills in entire the game.
 B = Kills by you in this place as a percentage of kills by you in the entire game.
 C = Kills by friends in this place as a percentage of kills by friends in the entire game.
 D = Other kills in this place as a percentage of other kills in the entire game.
 E = Experience gained in this place as a percentage of experience gained in the entire game.
 F = Experience gained in this place divided by the number of levels of this place that you have seen.
                   A       B       C       D       E      F
               +-------+-------+-------+-------+-------+----------------------
         Total | 100.0 | 100.0 |   N/A |   N/A | 100.0 | 194.4
       Dungeon | 100.0 | 100.0 |   N/A |   N/A | 100.0 | 243.0
               +-------+-------+-------+-------+-------+----------------------

Table legend: (Time is in decaauts)
 A = Elapsed time spent in this place.
 B = Non-inter-level travel time spent in this place.
 C = Inter-level travel time spent in this place.
 D = Time resting spent in this place.
 E = Time spent auto-exploring this place.
 F = Levels seen in this place.
 G = Mean time per level.
                   A        B        C        D        E       F      G
               +--------+--------+--------+--------+--------+-----+--------+
         Total |   4513 |   4240 |    273 |    149 |   3461 |   5 |  902.6 |
       Dungeon |   4328 |   4094 |    234 |    149 |   3321 |   4 | 1082.0 |
        Temple |    184 |    145 |     39 |      0 |    139 |   1 |  184.0 |
               +--------+--------+--------+--------+--------+-----+--------+

Top non-repeatable levels by time:
     D:3: 1515 daAuts
     D:1: 1106 daAuts
     D:4: 858 daAuts
     D:2: 848 daAuts
  Temple: 184 daAuts
